Map: Thunderbird LE

Players

Creed

  • Race: Terran Terran
  • Spawn Location: 11:00

RiSky - Winner!

  • Race: Zerg Zerg
  • Spawn Location: 5:00

Event: 2019 WCS Summer

VOD

Have the link to the VOD?

Description

Time

  • Played on: July 12, 2019, 8:31 a.m.
  • Length: 23:21

All games in this series

Show
View Real Time Build Order
Export as new Build Order

Creed Terran 

Build Orders: Command Center First (CC) 

Get SALT Encoding   

  12  0:00  SCV  
  13  0:13  SCV  
  14  0:17  Supply Depot  
  14  0:25  SCV  
  15  0:38  SCV  
  16  0:50  SCV  
  17  0:59  Command Center  
  17  1:02  SCV  
  18  1:13  Barracks  
  18  1:16  SCV  
  19  1:28  SCV  
  20  1:40  SCV  
  21  1:50  Command Center  
  21  1:52  SCV  
  22  2:01  Marine  
  22  2:07  Orbital Command  
  23  2:13  Orbital Command  
  23  2:19  Marine  
  24  2:25  Bunker  
  24  2:33  SCV  
  24  2:34  Barracks  
  25  2:37  Marine  
  25  2:39  SCV  
  27  2:44  Barracks  
  27  2:46  SCV  
  28  2:53  SCV  
  28  2:57  Refinery x2  
  29  3:01  Marine  
  29  3:02  Orbital Command  
  29  3:03  SCV  
  31  3:07  SCV  
  32  3:15  SCV  
  32  3:19  Marine, SCV  
  35  3:24  Marine  
  36  3:28  SCV  
  36  3:30  Supply Depot  
  36  3:31  SCV  
  36  3:32  SCV  
  39  3:36  Barracks Tech Lab  
  39  3:37  Marine  
  39  3:40  SCV  
  41  3:43  Refinery, SCV  
  41  3:44  Refinery, Barracks Tech Lab  
  42  3:51  Engineering Bay  
  42  3:52  SCV x2  
  42  3:53  Engineering Bay  
  44  3:55  SCV  
  44  3:56  Stimpack  
  44  3:57  Marine  
  46  4:03  Barracks Reactor  
  46  4:04  SCV x2  
  46  4:07  Marine  
  46  4:09  SCV  
  50  4:15  Supply Depot  
  50  4:16  SCV, Supply Depot  
  51  4:17  Marine  
  51  4:19  Terran Infantry Weapons Level 1  
  51  4:20  SCV  
  51  4:21  SCV  
  51  4:23  Terran Infantry Armor Level 1  
  54  4:27  Marine  
  54  4:28  SCV  
  56  4:33  SCV x2  
  56  4:35  Combat Shield  
  56  4:37  Marine  
  59  4:40  Orbital Command  
  59  4:43  Factory  
  59  4:44  Marine x2  
  61  4:46  SCV x2  
  61  4:50  Marine  
  64  4:53  Barracks  
  64  4:55  Barracks  
  64  4:57  Supply Depot  
  64  4:59  Supply Depot  
  64  5:00  SCV x2  
  64  5:01  Marine  
  67  5:07  SCV  
  67  5:09  Marine x3  
  67  5:12  SCV x2  
  73  5:19  SCV  
  73  5:21  Marine  
  74  5:24  SCV x2  
  74  5:27  Factory Reactor, Marine x2, Starport  
  79  5:30  Armory  
  79  5:31  Marine  
  79  5:32  SCV  
  81  5:36  SCV  
  81  5:39  Marine  
  81  5:41  Barracks Reactor  
  81  5:42  Barracks Reactor  
  83  5:44  Marine  
  83  5:46  Refinery  
  83  5:48  Factory  
  84  5:51  SCV x2  
  84  5:54  Marine x2, Supply Depot  
  84  5:55  Supply Depot  
  88  5:59  Marine  
  88  6:02  Marine  
  90  6:08  SCV x3  
  90  6:10  Factory Tech Lab  
  93  6:16  Marine, Medivac x2  
  93  6:17  Supply Depot  
  98  6:20  Supply Depot  
  98  6:22  Refinery, SCV x2  
  98  6:24  Marine x5  
  98  6:25  Marine x2  
  107  6:27  Terran Infantry Weapons Level 2, Terran Infantry Armor Level 2  
  107  6:34  Factory Tech Lab, Marine  
  107  6:37  Supply Depot  
  107  6:38  Supply Depot  
  107  6:39  Siege Tank  
  111  6:41  Marine, Supply Depot  
  111  6:42  Marine  
  111  6:43  Supply Depot  
  113  6:47  Medivac  
  113  6:48  Command Center  
  113  6:51  Medivac  
  113  6:52  Marine x3  
  120  6:55  Marauder  
  120  6:59  Siege Tank, Marine  
  120  7:00  Marine  
  127  7:04  SCV x3  
  127  7:05  Marine x2  
  132  7:10  Marine  
  133  7:16  Marine x3  
  133  7:17  Marine  
  133  7:19  Siege Tank  
  133  7:21  Medivac  
  142  7:25  Medivac  
  144  7:31  Siege Tank, Marine x4  
  144  7:35  Supply Depot x2  
  144  7:36  Terran Vehicle Weapons Level 1  
  151  7:42  Marine x3  
  150  7:52  Marine x4  
  150  7:53  Siege Tank  
  150  7:55  Marine  
  157  7:59  Marine  
  157  8:02  Barracks x2  
  157  8:03  Siege Tank  
  160  8:05  Medivac x2  
  160  8:11  Marine x2  
  160  8:12  Marine x2  
  168  8:17  Marine  
  168  8:18  Marine x3  
  154  8:26  Concussive Shells  
  154  8:27  Siege Tank  
  154  8:29  Marine x2  
  159  8:35  Siege Tank  
  159  8:36  Marauder  
  159  8:39  SCV x2  
  159  8:40  SCV, Planetary Fortress  
  159  8:41  Marine x5  
  172  8:54  Marine x2  
  172  8:55  Marine x2  
  175  8:57  Marauder, Sensor Tower  
  175  8:58  Marine  
  175  8:59  Siege Tank, Marauder  
  184  9:05  Medivac  
  184  9:09  Marine  
  185  9:10  Marine x2  
  188  9:30  Marine x4  
  177  9:39  Supply Depot  
  158  9:47  Marine  
  156  9:59  Orbital Command, Marine  
  156  10:01  Marine  
  156  10:02  Marine  
  156  10:03  Marine  
  156  10:04  Marine  
  156  10:06  Marine  
  156  10:07  Marine x4, SCV  
  146  10:16  Marine  
  146  10:18  Medivac x2  
  146  10:19  SCV  
  146  10:20  Marine, Barracks Tech Lab  
  146  10:21  Marine, SCV x2  
  148  10:24  Marine x2  
  148  10:25  Marine x3  
  143  10:31  SCV  
  143  10:32  Marine  
  143  10:34  Marine  
  143  10:35  SCV x3  
  131  10:38  Marine  
  131  10:39  Marine x2  
  130  10:43  Marauder x2  
  130  10:47  SCV x3  
  133  10:52  Marine x3  
  127  10:57  Marauder  
  127  10:58  Marine  
  127  10:59  SCV x3  
  127  11:02  Command Center  
  132  11:04  Marine  
  132  11:05  Command Center  
  132  11:08  Marine  
  132  11:11  Siege Tank, Marine, Marauder x2  
  141  11:14  Supply Depot  
  141  11:16  Supply Depot  
  141  11:20  Engineering Bay  
  141  11:21  Engineering Bay  
  141  11:22  SCV x3  
  140  11:26  Marauder  
  140  11:28  Marine x2  
  120  11:34  SCV x3  
  120  11:36  Marine  
  120  11:37  Marauder, Marine x3, Refinery, Factory  
  120  11:38  Marine  
  117  11:42  Terran Vehicle Weapons Level 2  
  117  11:43  Siege Tank  
  117  11:46  Marine x2, SCV x3  
  123  11:58  SCV x3  
  123  11:59  Marine x2  
  123  12:00  Marauder, Barracks Tech Lab  
  123  12:01  Barracks Tech Lab  
  129  12:10  SCV x2, Supply Depot  
  129  12:14  Liberator x2  
  127  12:17  Orbital Command  
  127  12:20  Marauder x2  
  127  12:21  Factory Tech Lab  
  123  12:36  Marauder  
  133  12:37  Marauder, Refinery  
  133  12:40  Marauder  
  135  12:48  Siege Tank  
  133  13:00  Planetary Fortress  
  133  13:01  Marine, Marauder  
  133  13:02  Marauder x2  
  133  13:04  Liberator x2  
  133  13:05  SCV x3  
  138  13:13  Marine x2  
  138  13:14  Marauder  
  142  13:26  Marauder, Marine  
  149  13:30  Siege Tank  
  149  13:31  Siege Tank  
  153  13:43  Terran Infantry Weapons Level 3  
  153  13:50  Refinery  
  153  13:53  Starport  
  153  13:54  SCV x3  
  156  13:58  Terran Infantry Armor Level 3  
  156  14:02  Siege Tank  
  158  14:03  Orbital Command  
  158  14:05  Marine  
  158  14:06  Marauder  
  158  14:07  Marine  
  158  14:08  Marauder  
  139  14:10  Marine x2  
  139  14:11  Marauder x2  
  145  14:22  Marine  
  145  14:23  Marine, Starport  
  138  14:25  Marine  
  138  14:27  Marauder  
  138  14:28  Marine  
  138  14:29  Marauder, Marine  
  144  14:35  Marine  
  144  14:36  Marauder  
  147  14:41  Ghost Academy, SCV  
  147  14:42  Ghost Academy  
  148  14:49  Sensor Tower  
  148  14:51  SCV x3  
  148  14:52  SCV  
  152  14:54  Factory Tech Lab  
  152  15:02  Viking  
  152  15:03  Viking  
  157  15:07  SCV x3  
  157  15:08  SCV  
  157  15:13  Refinery  
  160  15:26  Ghost x3, Liberator  
  160  15:27  Liberator, Ghost  
  168  15:39  Refinery  
  168  15:40  Command Center  
  168  15:41  Ghost  
  176  15:50  Marine  
  176  15:51  Marine x2  
  175  16:03  Marine x2, Ghost x2  
  164  16:14  Ghost x2  
  168  16:20  Ghost  
  168  16:22  Personal Cloaking  
  170  16:30  Marine x2  
  170  16:31  Marine  
  170  16:32  Marauder  
  175  16:37  Marine  
  175  16:38  Marine  
  177  16:42  Nuke, Starport Reactor  
  177  16:43  Marauder  
  179  16:56  Siege Tank  
  179  16:58  Ghost  
  179  16:59  Marine x2  
  179  17:00  Marine  
  187  17:13  Ghost  
  189  17:17  Command Center  
  185  17:24  Ghost  
  181  17:35  Marine x2, Ghost  
  183  17:43  Missile Turret  
  183  17:44  Missile Turret  
  183  17:48  Nuke  
  183  17:57  Liberator x2  
  178  18:13  Ghost  
  186  18:25  Command Center  
  186  18:31  Ghost x2  
  190  18:48  Ghost  
  190  18:49  Medivac x2  
  183  18:56  Nuke x2  
  183  19:09  Terran Ship Weapons Level 1  
  183  19:10  Starport  
  183  19:11  Orbital Command  
  183  19:17  Marine x2  
  183  19:18  Marauder, Medivac x2  
  189  19:58  Starport Tech Lab  
  186  20:24  Nuke  
  186  20:27  Ghost Academy  
  186  20:30  Command Center  
  183  20:36  Ghost x2  
  187  20:51  Siege Tank  
  187  20:52  Siege Tank  
  193  21:26  Command Center  
  193  21:31  Ghost  
  193  21:45  Marine x2  
  193  21:46  Marauder x2  
  193  21:58  Marine x3  
  193  21:59  Orbital Command, Marauder  
  185  22:14  Ghost x3  
  159  22:47  Orbital Command, Viking x2  
Show
View Real Time Build Order
Export as new Build Order

RiSky Zerg - Winner!

Build Orders: Hatch First 

Get SALT Encoding   

  12  0:00  Drone  
  13  0:12  Overlord  
  13  0:17  Drone  
  14  0:30  Drone  
  14  0:31  Drone  
  16  0:46  Hatchery  
  15  0:50  Drone  
  15  0:54  Drone  
  17  0:57  Drone  
  18  1:09  Extractor  
  17  1:13  Spawning Pool  
  17  1:15  Drone  
  17  1:18  Drone  
  18  1:27  Drone  
  19  1:38  Drone  
  20  1:48  Overlord  
  20  1:59  Queen x2  
  20  2:00  Zergling x4  
  26  2:09  Drone  
  26  2:11  Drone  
  26  2:12  Metabolic Boost  
  28  2:20  Drone  
  28  2:22  Drone  
  30  2:32  Hatchery  
  30  2:36  Drone  
  30  2:42  Queen  
  32  2:46  Overlord  
  32  2:49  Drone  
  32  2:50  Drone  
  34  2:53  Drone  
  34  2:54  Drone  
  36  3:06  Drone  
  36  3:07  Drone x2  
  36  3:09  Drone x2, Overlord  
  36  3:12  Drone  
  42  3:14  Drone  
  42  3:17  Drone  
  44  3:21  Overlord  
  44  3:28  Drone  
  44  3:29  Drone, Roach Warren  
  45  3:42  Drone  
  45  3:43  Drone x3  
  45  3:44  Drone, Overlord  
  45  3:45  Extractor  
  45  3:47  Extractor  
  48  3:50  Drone x2  
  48  3:52  Drone  
  51  3:56  Overlord  
  51  3:58  Drone  
  51  3:59  Queen  
  51  4:02  Drone, Lair  
  55  4:05  Drone  
  55  4:09  Drone  
  57  4:12  Overlord  
  57  4:17  Drone x2  
  57  4:18  Drone x2  
  57  4:20  Drone  
  57  4:23  Evolution Chamber  
  61  4:24  Drone  
  61  4:27  Drone, Evolution Chamber  
  61  4:29  Drone x2  
  61  4:30  Drone x2  
  66  4:36  Drone  
  67  4:38  Drone  
  67  4:40  Drone  
  67  4:45  Drone x2, Extractor, Overlord  
  69  4:47  Drone, Extractor  
  69  4:49  Zerg Ground Armor Level 1  
  71  4:52  Drone  
  71  4:54  Zerg Melee Weapons Level 1  
  71  4:55  Drone  
  71  4:58  Overlord  
  71  4:59  Overseer  
  72  5:01  Glial Reconstitution  
  72  5:02  Drone  
  72  5:03  Drone, Baneling Nest  
  72  5:04  Drone x2  
  72  5:07  Drone  
  76  5:14  Hatchery  
  76  5:17  Roach x3  
  76  5:19  Roach  
  85  5:21  Roach  
  85  5:23  Overlord  
  85  5:26  Roach x2  
  89  5:34  Overlord  
  89  5:35  Roach x3  
  95  5:36  Roach  
  95  5:42  Hatchery  
  96  5:44  Roach  
  96  5:46  Roach x2  
  101  5:50  Drone x3  
  101  5:54  Centrifical Hooks  
  101  5:56  Drone  
  105  5:58  Drone  
  105  5:59  Drone  
  105  6:00  Overlord  
  105  6:02  Drone x2  
  105  6:03  Drone  
  110  6:04  Drone  
  110  6:07  Drone  
  110  6:08  Drone  
  110  6:09  Drone  
  114  6:20  Overlord  
  114  6:25  Infestation Pit  
  113  6:27  Zergling x16  
  113  6:28  Hatchery  
  113  6:32  Drone  
  121  6:35  Drone  
  122  6:40  Overlord  
  122  6:42  Drone x4  
  122  6:43  Drone x2  
  122  6:44  Queen  
  130  6:48  Overlord  
  130  6:50  Drone x2  
  130  6:51  Drone  
  130  6:52  Zerg Melee Weapons Level 2  
  130  6:53  Zerg Ground Armor Level 2  
  133  6:55  Ravager x3  
  133  6:56  Overlord x2  
  133  6:57  Pneumatized Carapace  
  133  6:58  Baneling x6  
  133  6:59  Baneling, Zergling x2  
  133  7:00  Zergling x2  
  138  7:02  Zergling x4  
  138  7:06  Zergling x4  
  141  7:11  Zergling x14  
  148  7:17  Hive  
  148  7:19  Zergling x2  
  148  7:20  Zergling x12  
  155  7:23  Spore Crawler  
  155  7:25  Spore Crawler  
  155  7:27  Drone x2  
  155  7:30  Zergling x12  
  155  7:36  Zergling x2  
  158  7:49  Zergling x18  
  165  7:55  Zergling x14  
  171  8:06  Zergling x14  
  178  8:16  Zergling x12  
  178  8:21  Zergling x12  
  184  8:27  Hatchery  
  184  8:31  Baneling  
  184  8:32  Baneling x16  
  183  8:35  Overlord x2  
  183  8:38  Drone x3  
  183  8:39  Drone, Ultralisk Cavern  
  186  8:41  Overlord x2  
  186  8:45  Overlord  
  186  8:47  Overlord  
  184  8:49  Overlord  
  184  8:53  Drone x3, Spore Crawler x2  
  184  8:54  Spore Crawler  
  184  9:03  Extractor  
  184  9:04  Extractor  
  184  9:06  Zergling x34  
  198  9:18  Zergling x2  
  198  9:31  Zergling x18  
  194  9:35  Chitinous Plating  
  194  9:39  Ultralisk  
  187  9:46  Ultralisk x2  
  187  9:51  Baneling x19  
  187  9:52  Baneling x5  
  196  9:58  Spore Crawler  
  190  10:01  Ultralisk  
  189  10:09  Zergling x24  
  195  10:17  Zergling x2  
  195  10:18  Zergling x20  
  191  10:22  Zergling x8  
  191  10:27  Ultralisk  
  195  10:32  Zergling x10  
  190  10:39  Zergling x4  
  190  10:41  Queen x3  
  189  10:49  Zergling x2  
  184  10:50  Zergling x8  
  184  10:52  Queen x2  
  184  10:54  Anabolic Synthesis  
  187  10:58  Zergling x2, Hatchery  
  187  10:59  Zergling x10  
  188  11:04  Zergling x10  
  188  11:11  Zergling x2  
  194  11:14  Zergling x8  
  194  11:15  Queen  
  200  11:25  Zerg Ground Armor Level 3, Hatchery  
  192  11:26  Zerg Melee Weapons Level 3  
  192  11:27  Zergling x2  
  192  11:28  Zergling x10  
  171  11:36  Zergling x10  
  175  11:42  Hatchery, Spore Crawler  
  175  11:43  Zergling x2  
  174  11:48  Overseer  
  174  11:50  Zergling x8  
  174  11:51  Nydus Network  
  173  11:56  Baneling x5  
  173  11:57  Zergling x8  
  173  12:01  Zergling x2  
  177  12:06  Zergling x4  
  180  12:15  Zergling x12  
  181  12:17  Hatchery  
  181  12:22  Zergling x8  
  183  12:30  Zergling x8  
  183  12:33  Nydus Canal  
  183  12:36  Ultralisk  
  192  12:40  Zergling x12  
  192  12:43  Zergling x2  
  192  12:44  Zergling x2  
  200  12:46  Baneling x6  
  200  12:51  Nydus Canal  
  192  13:00  Zergling x14  
  192  13:14  Zergling x16  
  192  13:15  Nydus Canal  
  200  13:22  Spire  
  199  13:32  Extractor  
  197  13:40  Overseer  
  195  13:46  Drone x4  
  195  13:48  Extractor, Spore Crawler  
  197  13:56  Nydus Canal  
  197  13:58  Zergling x8  
  196  14:05  Zergling x24  
  196  14:08  Zergling x12  
  186  14:11  Queen  
  180  14:26  Ultralisk x2  
  180  14:31  Queen, Nydus Canal  
  187  14:32  Queen x2  
  187  14:35  Drone x3  
  187  14:37  Overseer  
  196  14:38  Zerg Flyer Weapons Level 1  
  196  14:40  Zergling x4  
  196  14:41  Zergling x2  
  199  14:47  Baneling x9  
  199  15:09  Overseer  
  199  15:12  Extractor  
  191  15:15  Corruptor x4  
  191  15:20  Nydus Canal  
  199  15:36  Zergling x2  
  199  15:40  Extractor x2  
  198  15:43  Corruptor  
  198  15:49  Hatchery  
  196  16:07  Zergling x2  
  196  16:20  Baneling x26  
  196  16:21  Zergling x2  
  196  16:22  Zergling x4  
  199  16:27  Zergling x2  
  199  16:30  Nydus Canal  
  200  16:35  Spore Crawler x3  
  197  16:44  Corruptor  
  197  17:08  Corruptor  
  197  17:11  Greater Spire  
  195  17:21  Zerg Missile Weapons Level 1  
  195  17:29  Hatchery, Pathogen Glands  
  190  17:39  Infestor  
  192  17:59  Infestor x4  
  193  18:25  Neural Parasite  
  190  18:40  Overseer x2  
  188  18:49  Infestor  
  188  18:50  Infestor x2  
  194  18:58  Spore Crawler  
  193  19:04  Overseer x3  
  193  19:05  Spore Crawler  
  192  19:13  Hatchery  
  191  19:28  Nydus Canal  
  191  19:36  Hatchery  
  190  19:41  Unknown x2  
  184  19:53  Zerg Missile Weapons Level 2  
  184  19:55  Brood Lord x4  
  184  19:56  Brood Lord x3  
  184  19:59  Drone x5  
  199  20:04  Spore Crawler  
  198  20:08  Infestor  
  199  20:30  Extractor  
  199  20:35  Infestor  
  199  20:43  Spore Crawler  
  199  20:44  Spore Crawler  
  197  20:54  Unknown  
  196  21:13  Corruptor x2  
  183  21:34  Zergling x2  
  183  21:35  Zergling x28  
  183  21:39  Corruptor x3  
  184  21:49  Corruptor x3  
  184  21:54  Infestor x3  
  179  22:15  Corruptor  
  179  22:16  Corruptor x2  
  185  22:27  Nydus Canal  
  185  22:34  Spore Crawler  
  185  22:35  Spore Crawler x2  
  185  22:36  Spore Crawler x3  
  179  22:38  Spore Crawler  
  179  22:43  Brood Lord x8  
  193  22:44  Nydus Canal  
  193  22:49  Drone x3  
Tags
 
Add a new tag
Caveats
  • Supply blocks, unpowered buildings, or Contaminate may cause inaccurate times.
  • Supply counts are checked every 10 seconds.